 Dungeon Crawl Stone Soup version 0.29-a0-359-g541a27f54d (webtiles) character file.

Game seed: 6057410684440041839

198 enile the Skirmisher (level 6, -3/48 HPs)
             Began as a Formicid Wanderer on Apr 27, 2022.
             Slain by a vampire mosquito (9 damage)
             ... on level 11 of the Dungeon.
             The game lasted 00:05:03 (1518 turns).

enile the Skirmisher (Formicid Wanderer)            Turns: 1518, Time: 00:05:04

Health: -3/48      AC:  6    Str: 16    XL:     6   Next: 6%
Magic:  7/7        EV: 12    Int: 10    God:
Gold:   72         SH:  0    Dex: 16    Spells: 5/5 levels left

rFire   . . .      SeeInvis +   f - +2 dagger (drain)
rCold   . . .      Faith    .   (no shield)
rNeg    . . .      Spirit   .   d - +0 leather armour
rPois   .          Reflect  .   (helmet unavailable)
rElec   .          Harm     .   c - +2 cloak
rCorr   .          Rampage  .   (no gloves)
Will    .....                   (no boots)
Stlth   +.........              (no amulet)
HPRegen 0.16/turn               (no ring)
MPRegen 0.10/turn               (no ring)

@: no status effects
A: permanent stasis, dig shafts and tunnels, antennae 3, four strong arms, fangs
1, clever 1, MP-powered wands
a: Dig, Shaft Self


You were on level 11 of the Dungeon.
You visited 1 branch of the dungeon, and saw 8 of its levels.

You collected 72 gold pieces.

Inventory:

Hand Weapons
 a - a +1 rapier
 b - a +0 hunting sling
 f - a +2 dagger of draining (weapon)
Armour
 c - a +2 cloak (worn)
 d - a +0 leather armour (worn)


   Skills:
 - Level 4.0 Fighting
 + Level 2.7 Short Blades
 - Level 2.8 Slings
 - Level 4.0 Armour
 - Level 1.7 Dodging
 - Level 2.1 Invocations


You had 5 spell levels left.
You didn't know any spells.
Your spell library contained the following spells:

 Spells                   Type           Power      Damage    Failure   Level
 Freeze                   Ice            0%         1d3       41%         1
 Frozen Ramparts          Ice            0%         1d2       80%         3
 Hailstorm                Conj/Ice       0%         3d3       99%         4


Dungeon Overview and Level Annotations

Branches:
Dungeon (12/15)
 Temple: D:4-7         Lair: D:8-11         Orc: D:9-12

Altars:


Innate Abilities, Weirdness & Mutations

You cannot be hasted, slowed, berserked, paralysed or teleported.
You can dig through walls and to a lower floor.
You have a pair of large antennae on your head. (SInv)
Your four strong arms can wield two-handed weapons with a shield.
You have very sharp teeth.
Your mind is acute. (Int +2)
You expend magic power (3 MP) to strengthen your wands.


Message History

You barely miss the vampire mosquito.
The vampire mosquito closely misses you. x2
You closely miss the vampire mosquito.
The vampire mosquito bites you but does no damage.
The vampire mosquito closely misses you.
You hit the vampire mosquito.
You bite the vampire mosquito, but do no damage.
The vampire mosquito is lightly damaged.
The vampire mosquito bites you but does no damage.
The vampire mosquito barely misses you.
You hit the vampire mosquito. Your bite misses the vampire mosquito.
The vampire mosquito is moderately damaged.
The vampire mosquito bites you.
* * * LOW HITPOINT WARNING * * *
The vampire mosquito draws strength from your injuries!
You hit the vampire mosquito.
The vampire mosquito is moderately damaged.
The vampire mosquito bites you.
* * * LOW HITPOINT WARNING * * *
The vampire mosquito draws strength from your injuries!
The vampire mosquito misses you.
The cyclops throws a large rock.
The large rock misses you. The vampire mosquito barely misses you.
Okay, then.
The vampire mosquito bites you but does no damage.
The vampire mosquito closely misses you.
A shadow comes into view.
The vampire mosquito attacks as you move away!
The vampire mosquito barely misses you.
The vampire mosquito closely misses you.
The vampire mosquito attacks as you move away!
The vampire mosquito bites you but does no damage.
The vampire mosquito misses you.
Okay, then.
Are you sure you want to shaft yourself?
The vampire mosquito bites you.
* * * LOW HITPOINT WARNING * * *
The vampire mosquito draws strength from your injuries!
The vampire mosquito bites you!
You die...

.......#.# ..
#...{.### ...
#####...##....
#.{....# #..>.W.#
#...{..##
#..........
######......###.
#..@y.......#
#.....###########
..... #### {


You could see a vampire mosquito.

Vanquished Creatures
  A kobold brigand (D:8)
  A howler monkey (D:8)
  A jelly (D:4)
  An orc wizard (D:8)
  2 adders
  A worm (D:2)
  An orc (D:8)
  A hobgoblin (D:2)
  7 kobolds (D:8)
  A bat (D:1)
  A frilled lizard (D:2)
18 creatures vanquished.

Vanquished Creatures (others)
  A withered plant (D:4)
1 creature vanquished.

Grand Total: 19 creatures vanquished

Notes
Turn   | Place    | Note
-------+----------+-------------------------------------------
     0 | D:1      | enile the Formicid Wanderer began the quest for the Orb.
     0 | D:1      | enile set off with the following items: a +1 rapier, a +0
                  | hunting sling, a potion of invisibility, a +0 leather
                  | armour
     0 | D:1      | Reached XP level 1. HP: 18/18 MP: 1/1
    23 | D:1      | You fall into a shaft and drop 1 floor!
    37 | D:2      | Reached XP level 2. HP: 15/24 MP: 1/3
    85 | D:2      | You fall into a shaft and drop 2 floors!
    95 | D:4      | Reached XP level 3. HP: 8/29 MP: 4/4
   334 | D:4      | Noticed an ogre
   341 | D:5      | Entered Level 5 of the Dungeon
   341 | D:5      | Noticed an ice beast
   360 | D:5      | Reached XP level 4. HP: 20/36 MP: 5/5
   761 | D:5      | Noticed a scorpion
   766 | D:5      | You fall into a shaft and drop 3 floors!
  1131 | D:7      | Noticed an orc warrior
  1131 | D:7      | Noticed an ice beast
  1132 | D:7      | Noticed a bullfrog
  1144 | D:8      | Reached XP level 5. HP: 40/42 MP: 6/6
  1293 | D:8      | Noticed a kobold brigand
  1315 | D:8      | Killed a kobold brigand
  1316 | D:8      | Reached XP level 6. HP: 34/48 MP: 7/7
  1495 | D:8      | Gained mutation: Your mind is acute. (Int +2) [potion of
                  | mutation]
  1495 | D:8      | Gained mutation: You expend magic power (3 MP) to
                  | strengthen your wands. [potion of mutation]
  1495 | D:8      | Gained mutation: You have very sharp teeth. [potion of
                  | mutation]
  1499 | D:8      | You fall into a shaft and drop 3 floors!
  1499 | D:11     | Noticed a cyclops
  1504 | D:12     | Noticed a vampire mosquito
  1504 | D:12     | Noticed a vampire mosquito
  1504 | D:12     | Noticed a vampire mosquito
  1504 | D:12     | Noticed a vampire mosquito
  1514 | D:11     | Noticed a shadow
  1518 | D:11     | Slain by a vampire mosquito

Illustrated notes

Levels and vault maps discovered:
D:1:      dpeg_arrival_arbitrary_c, layout_basic,
          hellmonk_ecumenical_altar_pennies_from_heaven, serial_shops, shop
D:2:      layout_basic, uniq_natasha, uniq_terence
D:4:      layout_gridville, lemuel_doored_altar, mainiacjoe_overflow_big_doors,
          minmay_temple_entry_offerings, serial_undead, serial_undead_b,
          serial_undead_d, serial_undead_c, serial_undead_d, serial_undead_d,
          serial_undead_e, abandoned_shop, hangedman_decor_riveting
D:5:      layout_rooms, mainiacjoe_overflow_tiny_flanked
D:7:      layout_loops_cross, dreamdust_gnoll_shepherd, uniq_pikel,
          uniq_menkaure
D:8:      layout_loops_ring, serial_shops, shop, kennysheep_generic_room_14
D:11:     layout_rooms, minmay_librarian
D:12:     minmay_sliced_demisemicircle, layout_basic,
          kennysheep_decorative_pillar, drop_trap

Skill      XL: |  1  2  3  4  5 |
---------------+----------------+-----
Armour         | 2 4 |  4.0
Invocations    | 2 |  2.1
Fighting       | 4 |  4.0
Short Blades   | |  2.7
Slings         | |  2.8
Dodging        | |  1.7

Action                   |  1- 3 |  4- 6 || total
-------------------------+-------+-------++-------
Melee: Rapier            |    24 |    20 ||    44
       Dagger            |       |    28 ||    28
       Bite              |       |     1 ||     1
 Fire: Hunting sling     |     6 |       ||     6
 Abil: Shaft Self        |     1 |     3 ||     4
  Use: Potion            |     2 |     2 ||     4
       Scroll            |     2 |     2 ||     4
 Stab: Sleeping          |     4 |       ||     4
       Invisible         |     1 |       ||     1
Armor: Leather armour    |     2 |    23 ||    25
Dodge: Dodged            |    18 |    43 ||    61

Table legend: (Time is in decaauts)
 A = Elapsed time spent in this place.
 B = Non-inter-level travel time spent in this place.
 C = Inter-level travel time spent in this place.
 D = Time resting spent in this place.
 E = Time spent auto-exploring this place.
 F = Levels seen in this place.
 G = Mean time per level.
                   A        B        C        D        E       F      G
               +--------+--------+--------+--------+--------+-----+--------+
         Total |   1518 |   1518 |      0 |    795 |    410 |   8 |  189.8 |
       Dungeon |   1518 |   1518 |      0 |    795 |    410 |   8 |  189.8 |
               +--------+--------+--------+--------+--------+-----+--------+

Top non-repeatable levels by time:
     D:8: 728 daAuts
     D:5: 425 daAuts
     D:4: 257 daAuts
     D:2: 63 daAuts
     D:1: 23 daAuts
    D:11: 16 daAuts
     D:7: 1 daAuts
    D:12: 1 daAuts
